 Dungeon Crawl Stone Soup version 0.22.0-60-ga52c2fc (console) character file.

247 bli the Skirmisher (level 6, 0/51 HPs)
             Began as a Formicid Abyssal Knight on Sept 10, 2018.
             Was a Believer of Lugonu.
             Slain by a worker ant (7 damage)
             ... on level 4 of the Dungeon.
             The game lasted 00:14:30 (3326 turns).

bli the Skirmisher (Formicid Abyssal Knight)        Turns: 3326, Time: 00:14:31

Health: 0/51       AC:  5    Str: 13 (16) XL:     6   Next: 33%
Magic:  7/7        EV: 12    Int: 11 (12) God:    Lugonu [**....]
Gold:   152        SH:  0    Dex: 11 (12) Spells: 5/5 levels left

rFire    . . .     SeeInvis +   a - +2 whip (vamp)
rCold    . . .     Gourm    .   (no shield)
rNeg     . . .     Faith    .   h - +0 leather armour
rPois    .         Spirit   .   (helmet unavailable)
rElec    .         Reflect  .   r - +0 cloak
rCorr    .         Harm     .   (no gloves)
MR       .....                  i - +0 pair of boots
Stlth    +.........             (no amulet)
HPRegen  0.17/turn              (no ring)
MPRegen  0.10/turn              (no ring)

@: flying (expiring)
A: permanent stasis, dig shafts and tunnels, four strong arms, antennae 3
a: Dig, Shaft Self, Depart the Abyss, Bend Space, Renounce Religion


You were on level 4 of the Dungeon.
You worshipped Lugonu.
Lugonu was pleased with you.
You were very hungry.

You visited 1 branch of the dungeon, and saw 5 of its levels.
You visited the Abyss 1 time.

You collected 152 gold pieces.

Inventory:

Hand Weapons
 a - a +2 vampiric whip (weapon)
 b - a +1 hand axe
 k - a +0 hand axe
 p - a +2 dagger of speed
Armour
 h - a +0 leather armour (worn)
 i - a +0 pair of boots (worn)
 r - a +0 cloak (worn)
Scrolls
 d - 4 scrolls of remove curse {unknown}
 e - 4 scrolls of identify {unknown}
 f - a scroll of fear {unknown}
 g - a scroll of amnesia {unknown}
 j - 2 scrolls of magic mapping {unknown}
 m - 2 scrolls of teleportation {unknown}
 q - a scroll of random uselessness {unknown}
Potions
 n - 3 potions of flight
Comestibles
 c - 9 rations


   Skills:
 + Level 5.2 Fighting
 + Level 2.0(2.6) Axes
 + Level 2.5(2.9) Maces & Flails
 + Level 3.2 Armour
 * Level 2.4 Dodging
 + Level 1.0 Stealth
 + Level 2.2 Invocations


You had 5 spell levels left.
You didn't know any spells.
Your spell library was empty.

Dungeon Overview and Level Annotations

Branches:
Dungeon (5/15)
 Temple: D:4-7

Altars:

Annotations:
D:4 Pikel


Innate Abilities, Weirdness & Mutations

You cannot be hasted, slowed, berserked, paralysed or teleported.
You can dig through walls and to a lower floor.
Your four strong arms can wield two-handed weapons with a shield.
You have a pair of large antennae on your head. (SInv)


Message History

Okay, then.
You feel sick.
You closely miss the worker ant.
The worker ant is severely wounded.
The worker ant bites you but does no damage.
You hit the worker ant but do no damage.
The worker ant is severely wounded.
The worker ant completely misses you.
You hit the worker ant.
The worker ant is severely wounded.
You feel sick.
You are no longer poisoned.
The worker ant barely misses you.
You hit the worker ant.
You feel better.
You kill the worker ant!
Lugonu accepts your kill. The worker ant closely misses you.
You are starting to lose your buoyancy.
The worker ant bites you!
You die...

##################
............pp.a.#
################@# # #.# ### #
#.# #..
################.##############..
..............................'..
####.###########'#########.####..
#.# #.......##........#.. #.#
#.......##.###.##.### ####.#
#.......##.# #.##.# ...#.#
#.......##.# #.##+## ...#l#
####'#####.# #.#...#


You could see 2 slaves and a worker ant.

Vanquished Creatures
  A bullfrog (D:3)
  A worker ant (D:4)
  Robin (D:2)
  2 gnolls
  6 adders
  A worm (D:2)
  2 dart slugs
  A leopard gecko (D:2)
  6 giant cockroaches
  6 hobgoblins
  2 jackals (D:3)
  A quokka (D:2)
  5 bats
  4 frilled lizards
  18 goblins
  7 kobolds
  7 rats
71 creatures vanquished.

Notes
Turn   | Place    | Note
-------+----------+-------------------------------------------
     0 | Abyss:1  | bli the Formicid Abyssal Knight began the quest for the
                  | Orb.
     0 | Abyss:1  | Reached XP level 1. HP: 18/18 MP: 2/2
    58 | Abyss:1  | Noticed an earth elemental
    60 | D:1      | Escaped the Abyss
   201 | D:1      | Reached * piety under Lugonu
   364 | D:1      | Reached XP level 2. HP: 25/25 MP: 3/3
   542 | D:1      | Reached skill level 4 in Fighting
   977 | D:2      | Reached XP level 3. HP: 25/30 MP: 4/4
   982 | D:2      | Reached skill level 1 in Dodging
  1598 | D:1      | Reached XP level 4. HP: 21/38 MP: 5/5
  1744 | D:2      | Noticed Robin
  1863 | D:1      | Reached skill level 1 in Maces & Flails
  2115 | D:2      | Killed Robin
  2317 | D:3      | Reached ** piety under Lugonu
  2341 | D:3      | Reached XP level 5. HP: 37/43 MP: 6/6
  2457 | D:3      | Noticed a bullfrog
  2470 | D:3      | Killed a bullfrog
  2470 | D:3      | Reached skill level 5 in Fighting
  2783 | D:3      | Reached XP level 6. HP: 48/51 MP: 7/7
  2988 | D:4      | Reached skill level 1 in Stealth
  3194 | D:4      | Noticed a slave
  3194 | D:4      | Noticed a slave
  3241 | D:5      | Entered Level 5 of the Dungeon
  3272 | D:4      | Noticed a slave
  3272 | D:4      | Noticed Pikel
  3315 | D:4      | HP: 2/51 [poisoned by a worker ant]
  3326 | D:4      | Slain by a worker ant

Skill      XL: |  1  2  3  4  5  6 |
---------------+-------------------+-----
Fighting       | 4 5 |  5.2
Dodging        | 1 2 |  2.4
Maces & Flails | 1 2 |  2.5
Armour         | 3 |  3.2
Stealth        | 1 |  1.0
Axes           | |  2.0
Invocations    | |  2.2

Action                   |  1- 3 |  4- 6 || total
-------------------------+-------+-------++-------
Melee: Hand axe          |    20 |       ||    20
       Whip              |    86 |   211 ||   297
Invok: Depart the Abyss  |     1 |       ||     1
       Bend Space        |       |     1 ||     1
  Use: Potion            |       |     3 ||     3
 Stab: Distracted        |     1 |       ||     1
  Eat: Chunk             |     3 |     5 ||     8
       Ration            |     1 |       ||     1
Armor: Leather armour    |    12 |    54 ||    66
       Skin              |       |    37 ||    37
Dodge: Dodged            |    48 |   112 ||   160
